 Dungeon Crawl Stone Soup version 0.29-a0-268-g5627465c62 (webtiles) character file.

Game seed: 15235994502797655437

4579 Snulken the Spear-Bearer (level 10, -11/79 HPs)
             Began as a Human Cinder Acolyte on Mar 7, 2022.
             Was a Follower of Ignis.
             Mangled by a catoblepas (17 damage)
             ... on level 8 of the Dungeon.
             The game lasted 00:51:21 (10402 turns).

Snulken the Spear-Bearer (Human Cinder Acolyte)    Turns: 10402, Time: 00:51:22

Health: -11/79     AC: 14    Str: 19    XL:     10   Next: 68%
Magic:  11/11      EV:  6    Int: 14    God:    Ignis [*.....]
Gold:   263        SH:  0    Dex:  9    Spells: 11/11 levels left

rFire   + . .      SeeInvis .   s - +7 glaive of the Burning Goat {freeze, rPois}
rCold   . . .      Faith    .   (shield currently unavailable)
rNeg    . . .      Spirit   .   D - +0 plate armour
rPois   +          Reflect  .   (no helmet)
rElec   .          Harm     .   (no cloak)
rCorr   .          Rampage  .   (no gloves)
Will    .....                   t - +0 pair of boots
Stlth   ..........              (no amulet)
HPRegen 0.23/turn               f - ring of wizardry
MPRegen 0.12/turn               (no ring)

@: studying Hexes
A: no striking features
a: Renounce Religion, Fiery Armour, Foxfire Swarm, Rising Flame


You were on level 8 of the Dungeon.
You worshipped Ignis.
Ignis was aware of your devotion.
You visited 1 branch of the dungeon, and saw 8 of its levels.

You collected 263 gold pieces.

Inventory:

Hand Weapons
 a - a -1 spear of flaming
 c - a +2 hand axe of freezing
 d - a +0 shortbow
 g - a +2 dagger of speed
 q - a +2 war axe of freezing
 s - the +7 glaive of the Burning Goat (weapon) {freeze, rPois}
   (You acquired it on level 4 of the Dungeon)

   It freezes those it strikes, dealing additional cold damage.
   It can also slow down cold-blooded creatures.
   rPois:     It protects you from poison.
 w - a +0 whip of flaming
 x - a +3 battleaxe
 y - a +3 great sword of freezing
 z - a +3 war axe
Missiles
 m - 73 stones (quivered)
 p - 23 poisoned darts
Armour
 b - a +0 robe
 i - a +0 scale mail
 o - a +1 chain mail
 t - a +0 pair of boots (worn)
 v - a +0 plate armour
 C - +0 steam dragon scales
 D - a +0 plate armour (worn)
Jewellery
 f - a ring of wizardry (left hand)
Scrolls
 e - 4 scrolls of identify
 j - 4 scrolls of teleportation
 n - a scroll of amnesia
 A - a scroll of fear {unknown}
Potions
 k - 2 potions of ambrosia
 l - a potion of curing
 r - a potion of flight
 u - 2 potions of lignification


   Skills:
 + Level 7.5 Fighting
 + Level 11.1 Polearms
 + Level 1.3 Throwing
 + Level 6.5 Armour
 + Level 2.6 Dodging
 + Level 1.4 Stealth
 + Level 1.0 Spellcasting
 + Level 3.3 Fire Magic


You had 11 spell levels left.
You didn't know any spells.
Your spell library contained the following spells:

 Spells                   Type           Power      Damage    Failure   Level
 Scorch                   Fire           20%        2d6       69%         2
 Sandblast                Erth           0%         2d4       92%         1
 Passwall                 Tmut/Erth      0%         N/A       98%         2
 Stone Arrow              Conj/Erth      0%         3d7       100%        3


Dungeon Overview and Level Annotations

Branches:
Dungeon (8/15)             Temple (0/1) D:4
   Lair: D:8-11

Altars:
Ashenzari
Cheibriados

Annotations:
D:1 2 transporters
D:3 2 transporters


Message History

You kill the slime creature!
You are engulfed in calcifying dust.
You are slowing down.
The catoblepas gores you.
Your limbs are stiffening.
The catoblepas breathes a plume of calcifying dust at you.
The blast of calcifying dust hits you.
The catoblepas breathes a plume of calcifying dust at you.
The blast of calcifying dust hits you!
You have turned to stone.
You are engulfed in calcifying dust. x2
The catoblepas gores you!
You are engulfed in calcifying dust.
The catoblepas barely misses you.
You are engulfed in calcifying dust.
The catoblepas gores you but does no damage.
You are engulfed in calcifying dust.
The catoblepas gores you!
You are engulfed in calcifying dust.
The catoblepas gores you!
The catoblepas breathes a plume of calcifying dust at you.
The blast of calcifying dust hits you.
You are engulfed in calcifying dust.
The catoblepas gores you!
* * * LOW HITPOINT WARNING * * *
You are engulfed in calcifying dust.
The catoblepas gores you but does no damage.
You turn to flesh and can move again.
You see here a stone.
Okay, then.
Okay, then.
You can't see any enemies this would affect, really read the scroll of holy word?
Okay, then.
Press: ? - help, v - describe, . - travel, g - get item Item here: a stone.
The floor.
There is a cloud of calcifying dust here.
You can't see any enemies this would affect, really read the scroll of holy word? [Y]es or [N]o only, please.
You can't see any enemies this would affect, really read the scroll of holy word?
As you read the scroll of holy word, it crumbles to dust.
You speak a Word of immense power!
You are engulfed in calcifying dust.
The catoblepas gores you!
* * * LOW HITPOINT WARNING * * *
Found an escape hatch in the ceiling.
The catoblepas gores you!
You die...

... ....
#....
######.....
##).........
#<).........
##).......#
##.Y####.#
#.@(#
#...#(ยง#
#.....#(##
...## .(# <.
..(. # #.((.
. ..... ..
###.... ##
..


You could see a catoblepas.

Vanquished Creatures
  Pikel (D:7)
  A slime creature (D:8)
  A steam dragon (D:7)
  Grum (D:8)
  3 orc warriors
  A sky beast (D:8)
  An ice beast (D:4)
  3 black bears
  2 ogres (D:5)
  A lemure (D:7)
  2 wolves (D:8)
  4 kobold brigands
  A necrophage (D:8)
  4 bullfrogs
  A scorpion (D:5)
  17 wights
  A howler monkey (D:5)
  A jelly (D:8)
  6 orc priests
  A gnoll shaman (D:8)
  A hound (D:6)
  An iguana (D:3)
  16 orc wizards
  7 gnolls
  6 adders
  A shadow imp (D:6)
  2 ufetubi
  2 worms
  6 dart slugs
  37 orcs
  7 ball pythons
  10 bats
  10 endoplasms
  3 giant cockroaches
  13 goblins
  8 hobgoblins
  3 jackals (D:2)
  4 quokkas
  A frilled lizard (D:3)
  21 kobolds
  6 rats
218 creatures vanquished.

Vanquished Creatures (others)
  An orc wizard (D:3)
  80 foxfires
  17 fungi
  7 toadstools (D:6)
105 creatures vanquished.

Grand Total: 323 creatures vanquished

Notes
Turn   | Place    | Note
-------+----------+-------------------------------------------
     0 | D:1      | Snulken the Human Cinder Acolyte began the quest for the
                  | Orb.
     0 | D:1      | Reached XP level 1. HP: 18/18 MP: 2/2
    98 | D:1      | Reached XP level 2. HP: 23/24 MP: 3/3
   239 | D:1      | Reached XP level 3. HP: 29/29 MP: 4/4
   580 | D:2      | Found a faded altar of an unknown god.
  1133 | D:2      | Reached XP level 4. HP: 32/37 MP: 5/5
  2218 | D:3      | Found a transporter.
  2236 | D:3      | Found a transporter.
  2287 | D:3      | Reached skill level 4 in Polearms
  2287 | D:3      | Reached skill level 1 in Armour
  2287 | D:3      | Reached XP level 5. HP: 42/42 MP: 6/6
  2553 | D:3      | Noticed a kobold demonologist
  3038 | D:3      | Reached XP level 6. HP: 24/49 MP: 7/7
  3203 | D:4      | Found a staircase to the Ecumenical Temple.
  3395 | D:4      | Noticed an ice beast
  3412 | D:4      | Killed an ice beast
  4037 | D:3      | Reached skill level 5 in Polearms
  4110 | D:4      | Reached XP level 7. HP: 55/55 MP: 8/8
  4336 | D:4      | Reached skill level 1 in Dodging
  5073 | D:4      | Identified a scroll of acquirement
  5073 | D:4      | Acquired the +7 glaive of the Burning Goat {freeze, rPois}
  5123 | D:5      | Entered Level 5 of the Dungeon
  5415 | D:5      | Found a snail-covered altar of Cheibriados.
  5448 | D:5      | Reached skill level 5 in Fighting
  5448 | D:5      | Reached XP level 8. HP: 42/62 MP: 9/9
  5462 | D:5      | Reached skill level 6 in Polearms
  6400 | D:6      | Reached skill level 1 in Stealth
  6772 | D:6      | Reached skill level 7 in Polearms
  6796 | D:6      | Reached XP level 9. HP: 39/69 MP: 10/10
  7159 | D:6      | Noticed a slime creature
  7159 | D:6      | Noticed a slime creature
  7159 | D:6      | Noticed a slime creature
  7330 | D:6      | Reached skill level 8 in Polearms
  7336 | D:6      | Reached skill level 5 in Armour
  7458 | D:6      | Noticed a manticore
  7553 | D:7      | Noticed Pikel
  7560 | D:7      | Killed Pikel
  7561 | D:7      | Reached skill level 9 in Polearms
  7561 | D:7      | Reached skill level 1 in Throwing
  7688 | D:7      | HP: 2/62 [wight/+0 scimitar (4)]
  8054 | D:7      | Found a flagged portal.
  8442 | D:7      | Reached skill level 10 in Polearms
  8442 | D:7      | Reached XP level 10. HP: 57/74 MP: 11/11
  9352 | D:7      | Found a broken altar of Ashenzari.
  9806 | D:8      | Noticed a catoblepas
  9878 | D:8      | Noticed Grum
  9880 | D:8      | Reached skill level 11 in Polearms
 10338 | D:8      | Killed Grum
 10402 | D:8      | Mangled by a catoblepas

Illustrated notes

Levels and vault maps discovered:
D:1:      spicycebolla_arrival_teleporter_tutorial, layout_basic
D:2:      layout_loops_corners, ebering_ecumenical_altar_webs
D:3:      gammafunk_wand_slinger, layout_loops_ring, kennysheep_generic_room_5
D:4:      layout_rooms, temple_fountains, serial_aquarium,
          aquarium_bridge_island_small [aquarium_subvault_small_open,
          aquarium_subvault_bridge, aquarium_subvault_bridge,
          aquarium_subvault_wall, aquarium_subvault_wall],
          aquarium_bridge_straight [aquarium_subvault_bridge,
          aquarium_subvault_wall, aquarium_subvault_bridge,
          aquarium_subvault_wall], aquarium_window_1,
          aquarium_window_corridor_2, aquarium_window_corner,
          aquarium_window_double, aquarium_view_2g, aquarium_pool_corner,
          grunt_ministairs_15
D:5:      layout_basic, cheibriados_altar_1, kennysheep_generic_room_12
D:6:      cheibrodos_fertilizer, layout_loops_ring, mainiacjoe_overflow_swirl,
          minmay_manual_monolith
D:7:      layout_gridville, amcnicky_altar_gilded, enter_bailey_5, uniq_pikel
D:8:      minmay_the_grid_octo_2x2 [minmay_the_grid_octo_thin_diamonds,
          minmay_the_grid_octo_vomiting_pacman,
          minmay_the_grid_octo_tetromino_candy,
          minmay_the_grid_octo_prize_ultimate_mussel_roller], layout_cave_pools,
          mainiacjoe_overflow_brackets, serial_shops,
          nicolae_shop_bloodbath_and_beyond, uniq_grum

Skill      XL: |  1  2  3  4  5  6  7  8  9 10 |
---------------+-------------------------------+-----
Fighting       | 4 5 6 7 |  7.5
Polearms       | 4 5 7 10 11 | 11.1
Armour         | 1 2 4 5 6 |  6.5
Dodging        | 1 2 |  2.6
Stealth        | 1 |  1.4
Throwing       | 1 |  1.3
Spellcasting   | |  1.0
Fire Magic     | |  3.3

Action                   |  1- 3 |  4- 6 |  7- 9 | 10-12 || total
-------------------------+-------+-------+-------+-------++-------
Melee: Spear             |    52 |   207 |    87 |       ||   346
       Punch             |     3 |     2 |     1 |       ||     6
       Glaive            |       |       |   142 |   120 ||   262
Throw: Stone             |       |       |    35 |    29 ||    64
Invok: Foxfire Swarm     |     5 |     1 |     1 |       ||     7
       Fiery Armour      |     1 |       |       |       ||     1
  Use: Scroll            |       |     9 |     6 |     3 ||    18
       Potion            |       |     5 |     6 |     1 ||    12
Armor: Robe              |     5 |       |       |       ||     5
       Chain mail        |    20 |   126 |   102 |       ||   248
       Plate armour      |       |       |    48 |    85 ||   133
Dodge: Dodged            |    26 |    65 |    58 |    42 ||   191

Table legend: (Time is in decaauts)
 A = Elapsed time spent in this place.
 B = Non-inter-level travel time spent in this place.
 C = Inter-level travel time spent in this place.
 D = Time resting spent in this place.
 E = Time spent auto-exploring this place.
 F = Levels seen in this place.
 G = Mean time per level.
                   A        B        C        D        E       F      G
               +--------+--------+--------+--------+--------+-----+--------+
         Total |  10449 |  10377 |     72 |   3945 |   3393 |   8 | 1306.1 |
       Dungeon |  10449 |  10377 |     72 |   3945 |   3393 |   8 | 1306.1 |
               +--------+--------+--------+--------+--------+-----+--------+

Top non-repeatable levels by time:
     D:7: 2483 daAuts
     D:3: 2011 daAuts
     D:2: 1382 daAuts
     D:4: 1262 daAuts
     D:5: 1154 daAuts
     D:6: 1149 daAuts
     D:1: 563 daAuts
     D:8: 441 daAuts
